 Dungeon Crawl Stone Soup version 0.17-a0-2073-gde5cdba (webtiles) character file.

60 dpvblackbelt the Chiller (level 3, 0/19 HPs)
             Began as a Deep Elf Ice Elementalist on Oct 14, 2015.
             Slain by an orc priest
             ... wielding a +0 club
              (4 damage)
             ... on level 3 of the Dungeon.
             The game lasted 00:03:56 (2251 turns).

dpvblackbelt the Chiller (DEIE)                     Turns: 2251, Time: 00:03:56

Health: 0/19       AC:  5    Str:  5    XL:     3   Next: 82%
Magic:  4/9        EV: 12    Int: 20    God:
Gold:   136        SH:  0    Dex: 15    Spells: 2 memorised, 5 levels left

rFire  . . .     SeeInvis .     a - +0 dagger (drain)
rCold  . . .     Clarity  .     g - +0 robe
rNeg   . . .     SustAt   .     (no shield)
rPois  .         Gourm    .     (no helmet)
rElec  .         Spirit   .     f - +2 cloak
rCorr  .         Warding  .     (no gloves)
rMut   .         Stasis   .     (no boots)
MR     .....                    (no amulet)
Stlth  ++........               (no ring)
                                (no ring)

@: drained, not resistant to hostile enchantments, unstealthy
A: no striking features
a: no special abilities


You were on level 3 of the Dungeon.
You were hungry.

You visited 1 branch of the dungeon, and saw 3 of its levels.

You collected 136 gold pieces.

Inventory:

Hand Weapons
 a - a +0 dagger of draining (weapon)
   (You took it off a goblin on level 1 of the Dungeon)
 b - a +0 hunting sling
   (You found it on level 1 of the Dungeon)
 i - a +0 dagger
   (You took it off a goblin on level 1 of the Dungeon)
 j - a +0 club
   (You took it off a hobgoblin on level 1 of the Dungeon)
Missiles
 n - 33 stones (quivered)
Armour
 f - a +2 cloak (worn)
   (You found it on level 1 of the Dungeon)
 g - a +0 robe (worn)
 o - a +0 pair of gloves
   (You found it on level 1 of the Dungeon)
Scrolls
 h - 2 scrolls of amnesia {unknown}
 k - a scroll of identify {unknown}
 l - a scroll of noise {unknown}
 p - 2 scrolls of remove curse {unknown}
 r - a scroll of teleportation {unknown}
 s - a scroll of fog {unknown}
 t - a scroll of immolation {unknown}
Potions
 d - a potion of mutation {unknown}
 m - a potion of curing {unknown}
Books
 e - a book of Frost
Comestibles
 c - 2 bread rations {@e1}
 q - a meat ration {@e2}


   Skills:
 - Level 2.4(1.5) Dodging
 - Level 2.4(1.5) Stealth
 - Level 3.0(2.1) Spellcasting
 + Level 2.9(2.1) Conjurations
 - Level 4.3(3.4) Ice Magic


You had 5 spell levels left.
You knew the following spells:

 Your Spells              Type           Power        Failure   Level  Hunger
a - Freeze                Ice            ###.         4%          1    #......
x - Throw Frost           Conj/Ice       ##....       10%         2    ##.....


Dungeon Overview and Level Annotations

Branches:
Dungeon (3/15)

Altars:


Message History

You continue eating. x2
There is an open door here.
There is an open door here.
You open the door.
There is an open door here.
A rat comes into view.
A rat is nearby!
A rat is nearby!
A rat is nearby!
A rat is nearby!
A rat is nearby!
The rat closely misses you.
You hit the rat.
You kill the rat!
No target in view!
No target in view!
No target in view!
You see here a rat corpse.
A ball python comes into view.
A ball python is nearby!
A ball python is nearby!
A ball python is nearby!
A ball python is nearby!
A ball python is nearby!
You hit the ball python.
You kill the ball python!
No target in view!
No target in view!
You open the door.
There is an open door here.
Found a stone staircase leading down.
p - 2 scrolls labeled TOPHOI ZEME (gained 1)
You open the door.
There is an open door here.
You see here a leather armour.
You see here a ball python corpse.
Done exploring.
Done exploring.
Done exploring.
Done exploring.
Done exploring.
(D) Dungeon
Where to? (Enter - D:2 @ (x,y), ? - help)
There is an open door here.
There is a stone staircase leading down here.
You climb downwards.
There is a stone staircase leading up here.
Found an escape hatch in the floor.
There is an escape hatch in the floor here.
You see here a leather armour.
You open the door.
Found a stone staircase leading up.
There is an open door here.
You open the door.
There is an open door here.
You now have 136 gold pieces (gained 10).
You are feeling hungry.
You may need something to eat soon, looking for food.
Can't find anything matching that.
Sorry, you're not good enough to have a special ability.
An orc comes into view. It is wielding a dagger.
The orc throws a tomahawk.
The tomahawk hits you.
You see here a tomahawk.
You take 3 damage, and have 16/19 hp.
An orc is nearby!
An orc is nearby!
The orc throws a tomahawk.
The tomahawk barely misses you.
An orc comes into view. It is wielding a short sword.
The orc throws a tomahawk.
The tomahawk barely misses you.
An orc priest comes into view. It is wielding a club.
You see here a tomahawk.
The orc priest shouts!
The orc throws a tomahawk.
The tomahawk hits you but does no damage.
You see here a tomahawk.
The orc throws a tomahawk.
The tomahawk hits you but does no damage.
You see here 2 tomahawks.
You see here a tomahawk.
Aim: an orc, wielding a dagger The puff of frost hits the orc.
You now have 7/9 mp.
Aim: an orc, wielding a dagger (heavily wounded)
You freeze the orc.
You kill the orc!
You now have 6/9 mp.
Things that are here:
a dagger; an orc corpse You barely miss the orc priest.
Aim: an orc priest, wielding a club You freeze the orc priest.
The orc shouts!
The orc priest invokes the aid of Beogh against you.
Something smites you!
Ouch! That really hurt!
* * * LOW HITPOINT WARNING * * *
You take 12 damage, and have 4/19 hp.
MASSIVE DAMAGE!!
You now have 5/9 mp.
Aim: an orc priest, wielding a club (heavily wounded)
You freeze the orc priest. The orc priest hits you with a club.
You die...

.......#.## #..# .####.
#.# ##.# .# # #.# #.#
.# ##'## #.# <# ##...##
#.# ## ##.....## ####.#
# ##.<.....## ##.##.#
####.........####.....#
...+.........'oo@....##
####.........####(.(##
# ##.......## ##.## #
##.....## #.# # ##...##
#.# # ##'## #.#
########.# #.#
##.....#.# #.#
##[....#.#########.#


You could see an orc priest and an orc.

Vanquished Creatures
  An adder (D:2)
  An ooze (D:1)
  2 worms (D:2)
  2 orcs
  7 bats
  4 hobgoblins
  2 ball pythons
  3 giant cockroaches
  2 giant newts
  6 goblins
  4 kobolds
  7 rats
41 creatures vanquished.

Notes
Turn   | Place    | Note
--------------------------------------------------------------
     0 | D:1      | dpvblackbelt the Deep Elf Ice Elementalist began the quest for the Orb.
     0 | D:1      | Reached XP level 1. HP: 10/10 MP: 6/6
   260 | D:1      | Reached skill level 4 in Ice Magic
   260 | D:1      | Reached XP level 2. HP: 13/15 MP: 4/8
   752 | D:1      | Learned a level 2 spell: Throw Frost
  1042 | D:1      | Reached XP level 3. HP: 10/19 MP: 5/9
  1409 | D:2      | Reached skill level 2 in Conjurations
  2250 | D:3      | HP: 4/19 [orc priest/divine providence (12)]
  2251 | D:3      | Slain by an orc priest

Vault maps used:
D:1:      roderic_octagonal_star
D:2:      first_bread, roderic_roman_lattice, minivault_11

Action                   || total
-------------------------++-------
Melee: Dagger            ||    72
       Unarmed           ||     2
 Cast: Freeze            ||    32
       Throw Frost       ||     5
 Stab: Sleeping          ||     4
  Eat: Chunk             ||     4

Vault maps used:
D:1:      roderic_octagonal_star
D:2:      first_bread, roderic_roman_lattice, minivault_11

Table legend:
 A = Turns spent in this place as a percentage of turns spent in the entire game.
 B = Non-inter-level travel turns spent in this place as a percentage of non-inter-level travel turns spent in the entire game.
 C = Inter-level travel turns spent in this place as a percentage of turns spent in this place.
 D = Turns resting spent in this place as a percentage of non-inter-level travel turns spent in this place.
 E = Turns spent auto-exploring this place as a percentage of non-inter-level travel turns spent in this place.
 F = Non-inter-level travel turns spent in this place divided by the number of levels of this place that you've seen.
                   A       B       C       D       E      F
               +-------+-------+-------+-------+-------+----------------------
         Total | 100.0 | 100.0 |   0.9 |   2.2 |   9.1 | 222.3
       Dungeon | 100.0 | 100.0 |   0.9 |   2.2 |   9.1 | 222.3
               +-------+-------+-------+-------+-------+----------------------

Table legend:
 A = Kills in this place as a percentage of kills in entire the game.
 B = Kills by you in this place as a percentage of kills by you in the entire game.
 C = Kills by friends in this place as a percentage of kills by friends in the entire game.
 D = Other kills in this place as a percentage of other kills in the entire game.
 E = Experience gained in this place as a percentage of experience gained in the entire game.
 F = Experience gained in this place divided by the number of levels of this place that you have seen.
                   A       B       C       D       E      F
               +-------+-------+-------+-------+-------+----------------------
         Total | 100.0 | 100.0 |  -nan |  -nan | 100.0 |  29.0
       Dungeon | 100.0 | 100.0 |  -nan |  -nan | 100.0 |  29.0
               +-------+-------+-------+-------+-------+----------------------
